 Dungeon Crawl Stone Soup version 0.25-a0-583-g696c2ac64d (webtiles) character file.

Game seed: 5982283904121655708, levelgen mode: deterministic

1590 An17 the Insei (level 8, -2/62 HPs)
             Began as a Yellow Draconian Transmuter on Mar 8, 2020.
             Killed by divine providence
             ... invoked by an orc priest
              (12 damage)
             ... on level 5 of the Dungeon.
             The game lasted 00:16:22 (4541 turns).

An17 the Insei (Yellow Draconian Transmuter)        Turns: 4541, Time: 00:16:23

Health: -2/62      AC:  8    Str: 13    XL:     8   Next: 61%
Magic:  23/23      EV: 29    Int: 14    God:
Gold:   366        SH:  0    Dex: 13    Spells: 0/15 levels left

rFire    + . .     SeeInvis .     - Unarmed
rCold    x . .     Gourm    .   (no shield)
rNeg     . . .     Faith    .   (armour unavailable)
rPois    .         Spirit   .   (helmet restricted)
rElec    .         Reflect  .   h - +1 cloak
rCorr    +         Harm     .   (no gloves)
MR       .....                  (boots currently unavailable)
Stlth    +.........             i - amulet of the acrobat
HPRegen  0.20/turn              l - ring of fire
MPRegen  0.18/turn              B - ring of magical power

@: appendage, acrobat
A: spit acid, unfitting armour, talons 3, cold-blooded, acid resistance, AC +6
a: Breathe Acid, End Transformation


You were on level 5 of the Dungeon.
You were not hungry.
You had grown temporary talons.
You visited 1 branch of the dungeon, and saw 5 of its levels.

You collected 366 gold pieces.

Inventory:

Hand Weapons
 u - a +0 antimagic hand axe
Missiles
 a - 102 arrows
Armour
 h - a +1 cloak (worn)
 A - a +2 buckler
Jewellery
 i - an amulet of the acrobat (around neck)
 l - a ring of fire (left hand)
 B - a ring of magical power (right hand)
Wands
 r - a wand of iceblast (11)
 t - a wand of acid (9)
Scrolls
 m - a scroll of magic mapping
 p - a scroll of fog
 q - 2 scrolls of enchant armour
 s - a scroll of amnesia
 y - a scroll of fear
 z - a scroll of enchant weapon
Potions
 b - 3 potions of brilliance {unknown}
 d - a potion of cancellation
 e - 2 potions of lignification {unknown}
 f - 3 potions of curing {unknown}
 g - 3 potions of might {unknown}
 j - 2 potions of magic
 k - 2 potions of mutation {unknown}
 n - a potion of berserk rage {unknown}
 o - 2 potions of ambrosia
 v - a potion of resistance {unknown}
 w - a potion of heal wounds {unknown}
 x - a potion of flight {unknown}
Comestibles
 c - 8 rations


   Skills:
 + Level 2.7 Fighting
 + Level 4.4 Dodging
 + Level 7.7 Unarmed Combat
 + Level 4.3 Spellcasting
 + Level 4.5 Transmutations
 + Level 0.7 Ice Magic
 + Level 1.5 Poison Magic


You couldn't memorise any spells.
You knew the following spells:

 Your Spells              Type           Power        Failure   Level  Hunger
a - Beastly Appendage     Tmut           ###...       3%          1    None
b - Sticks to Snakes      Tmut           ###.....     4%          2    ##.....
c - Spider Form           Tmut/Pois      ##........   16%         3    ###....
d - Ice Form              Ice/Tmut       ##......     54%         4    ####...
e - Blade Hands           Tmut           ###.......   63%         5    ######.

Your spell library contained the following spells:

 Spells                   Type           Power        Failure   Level  Hunger


Dungeon Overview and Level Annotations

Branches:
Dungeon (5/15)
 Temple: D:4-7

Altars:
Ashenzari
Dithmenos
Wu Jian
Zin


Innate Abilities, Weirdness & Mutations

You can spit globs of acid.
Your golden yellow scales are hard. (AC +6)
You cannot fit into any form of body armour.
You are cold-blooded and may be slowed by cold attacks.
You are resistant to acid. (rCorr)
You have claws for feet.


Message History

You hit the orc priest but do no damage.
You tail-slap the orc priest, but do no damage.
The orc priest hits you but does no damage.
You closely miss the orc priest.
The orc priest invokes the aid of Beogh against you.
Pain shoots through your body!
You closely miss the orc priest. The orc wizard casts a spell at you.
The magic dart hits you!
The orc priest hits you but does no damage.
You hit the orc priest.
You claw the orc priest, but do no damage.
The orc priest is lightly wounded.
The orc wizard barely misses you.
The orc priest mumbles some strange prayers to Beogh against you.
Beogh smites you!
* * * LOW HITPOINT WARNING * * *
The orc priest invokes the aid of Beogh against you.
Beogh smites you!
You die...

#####.#######.#####
#<........... ....
####..####### ....
#........ .... #..######
.... #..# .... #..# ....
####..####### ###
#:@.........#
#o#########†#
#....o5........#.#
#.......##.....#.#
#....)..##...###.#
#(......##.......#
#.%..)..##.##.##########
#.......##..............
#.$.....#######.########


You could see an orc priest, an orc wizard and a crimson imp.

Vanquished Creatures
  A two-headed ogre (D:4)
  A sky beast (D:4)
  2 phantoms
  A centaur (D:5)
  2 centaur skeletons
  3 orc priests (D:3)
  2 orc wizards
  An iguana (D:5)
  Ijyb (D:3)
  Natasha (thrice) (D:3)
  2 worker ants (D:5)
  3 gnolls (D:4)
  9 adders
  2 oozes
  2 worms
  3 dart slugs
  4 leopard geckos
  10 orcs
  2 ball pythons
  6 bats
  9 giant cockroaches
  5 hobgoblins
  8 jackals (D:2)
  A quokka (D:3)
  7 frilled lizards
  11 goblins
  A jackal skeleton (D:4)
  9 kobolds
  A quokka zombie (D:5)
  14 rats
126 creatures vanquished.

Notes
Turn   | Place    | Note
-------+----------+-------------------------------------------
     0 | D:1      | An17 the Draconian Transmuter began the quest for the Orb.
     0 | D:1      | Reached XP level 1. HP: 16/16 MP: 3/3
    64 | D:1      | Reached XP level 2. HP: 21/23 MP: 5/5
    68 | D:1      | Learned a level 2 spell: Sticks to Snakes
   682 | D:1      | Reached XP level 3. HP: 12/28 MP: 4/6
  1041 | D:2      | Learned a level 3 spell: Spider Form
  1060 | D:2      | Found a faded altar of an unknown god.
  1079 | D:2      | Reached skill level 4 in Unarmed Combat
  1222 | D:2      | Reached XP level 4. HP: 35/35 MP: 3/7
  1495 | D:2      | Found a shadowy altar of Dithmenos.
  1495 | D:2      | Found an ornate altar of the Wu Jian Council.
  2031 | D:3      | Noticed a phantom
  2358 | D:2      | Reached XP level 5. HP: 9/40 MP: 4/9
  2363 | D:2      | HP: 2/40 [orc/+0 hand axe (4)]
  2805 | D:3      | Noticed Ijyb
  2823 | D:3      | Killed Ijyb
  2866 | D:3      | Killed a phantom
  2866 | D:3      | Reached skill level 5 in Unarmed Combat
  2866 | D:3      | Reached XP level 6. HP: 10/48 MP: 8/10
  2872 | D:3      | Learned a level 4 spell: Ice Form
  2916 | D:3      | Noticed Natasha
  2931 | D:3      | Killed Natasha
  2972 | D:3      | Noticed Natasha
  2982 | D:3      | Killed Natasha
  3338 | D:3      | Noticed Natasha
  3344 | D:3      | Killed Natasha
  3369 | D:4      | Noticed a sky beast
  3382 | D:4      | Killed a sky beast
  3382 | D:4      | Your scales start taking on a golden yellow colour.
  3382 | D:4      | Reached XP level 7. HP: 34/53 MP: 9/12
  3382 | D:4      | Gained mutation: You are resistant to acid. (rCorr) [Yellow
                  | Draconian growth]
  3560 | D:4      | Reached skill level 1 in Poison Magic
  3673 | D:4      | Reached skill level 6 in Unarmed Combat
  3763 | D:4      | Noticed a two-headed ogre
  3840 | D:4      | Killed a two-headed ogre
  3840 | D:4      | Reached skill level 7 in Unarmed Combat
  3840 | D:4      | Reached XP level 8. HP: 46/62 MP: 14/14
  3847 | D:4      | Learned a level 5 spell: Blade Hands
  4105 | D:4      | Found a shattered altar of Ashenzari.
  4106 | D:4      | Found a glowing silver altar of Zin.
  4340 | D:5      | Entered Level 5 of the Dungeon
  4541 | D:5      | Killed from afar by an orc priest

Levels and vault maps discovered:
D:1:      minmay_arrival_open_corners, layout_loops_ring, minmay_door_square
D:2:      layout_basic, gammafunk_temple_overflow_elements,
          chequers_ecumenical_altar_simple_redux, minmay_indecisive_spiral
D:3:      minmay_bubble_buster, layout_rooms, uniq_ijyb, uniq_natasha
D:4:      layout_gridville, gammafunk_temple_overflow_pools, first_ration
D:5:      layout_basic, minmay_temple_entry_large_hall, grunt_tough_drop

Skill      XL: |  1  2  3  4  5  6  7 |
---------------+----------------------+-----
Dodging        | 2 3 4 |  4.4
Unarmed Combat | 4 5 7 |  7.7
Spellcasting   | 3 4 |  4.3
Transmutations | 3 4 |  4.5
Poison Magic   | 1 |  1.5
Fighting       | 2 |  2.7
Ice Magic      | |  0.7

Action                   |  1- 3 |  4- 6 |  7- 9 || total
-------------------------+-------+-------+-------++-------
Melee: Unarmed           |   140 |   237 |   129 ||   506
       Tailslap          |     9 |    16 |    10 ||    35
       Headbutt          |     7 |    12 |     4 ||    23
       Kick              |    15 |    13 |     3 ||    31
       Punch             |     1 |     7 |     1 ||     9
 Cast: Beastly Appendage |    22 |    22 |     5 ||    49
       Spider Form       |     1 |     6 |     2 ||     9
       Sticks to Snakes  |       |       |     3 ||     3
       Ice Form          |       |       |     1 ||     1
 Abil: Breathe Acid      |       |       |     2 ||     2
       End Transformatio |       |       |     1 ||     1
  Use: Scroll            |     5 |     6 |     4 ||    15
 Stab: Sleeping          |     1 |     2 |     1 ||     4
  Eat: Ration            |     1 |     2 |     2 ||     5
Armor: Skin              |    53 |    47 |    20 ||   120
Dodge: Dodged            |    90 |   165 |    77 ||   332

Table legend:
 A = Non-vault XP
 B = Vault XP
 C = Vault XP percentage of total XP
 D = Non-vault monster count
 E = Vault monster count
 F = Vault count percentage of total count
                 A         B        C        D         E       F
            +---------+---------+-------+---------+---------+-------
      Total |    2166 |     106 |   4.7 |     112 |      14 |  11.1
            +---------+---------+-------+---------+---------+-------
        D:1 |      53 |       0 |   0.0 |      29 |       0 |   0.0
        D:2 |     144 |       8 |   5.3 |      28 |       4 |  12.5
        D:3 |     390 |      98 |  20.1 |      29 |      10 |  25.6
        D:4 |    1276 |       0 |   0.0 |      14 |       0 |   0.0
        D:5 |     303 |       0 |   0.0 |      12 |       0 |   0.0
            +---------+---------+-------+---------+---------+-------
